 Dungeon Crawl Stone Soup version 0.19.5 (webtiles) character file.

48514 greprep the Peltast (level 14, -10/124 HPs)
             Began as a Minotaur Fighter on Apr 29, 2017.
             Was a High Priest of the Shining One.
             Mangled by a large slime creature (16 damage)
             ... on level 15 of the Dungeon.
             The game lasted 01:49:57 (19986 turns).

greprep the Peltast (Minotaur Fighter)             Turns: 19986, Time: 01:49:58

Health: -10/124    AC: 22    Str: 28    XL:     14   Next: 12%
Magic:  16/16      EV: 12    Int:  5    God:    the Shining One [*****.]
Gold:   1199       SH: 27    Dex: 11    Spells: 2 memorised, 14 levels left

rFire  . . .     SeeInvis .     i - +0 long sword
rCold  . . .     Gourm    .     F - +0 plate armour
rNeg   + + .     Faith    .     h - +2 large shield
rPois  .         Spirit   .     (helmet restricted)
rElec  .         Reflect  +     M - +1 cloak
rCorr  .         Harm     .     C - +0 pair of gloves
MR     +....                    t - +2 pair of boots
Stlth  ..........               R - +2 amulet of reflection
                                a - +3 ring of evasion
                                O - +3 ring of strength

@: glowing
A: retaliatory headbutt, horns 2
a: Divine Shield, Cleansing Flame, Summon Divine Warrior, Renounce Religion


You were on level 15 of the Dungeon.
You worshipped the Shining One.
The Shining One was extremely pleased with you.
You were not hungry.

You visited 2 branches of the dungeon, and saw 16 of its levels.
You also visited: Ossuary and Ice Cave.

You collected 1199 gold pieces.

Inventory:

Hand Weapons
 i - a +0 long sword (weapon)
Armour
 c - +0 fire dragon scales
 h - a +2 large shield (worn)
 t - a +2 pair of boots (worn)
 C - a +0 pair of gloves (worn)
 F - a +0 plate armour (worn)
 M - a +1 cloak (worn)
Jewellery
 a - a +3 ring of evasion (right hand)
 f - an uncursed ring of wizardry
 O - a +3 ring of strength (left hand)
 R - a +2 amulet of reflection (around neck)
Wands
 b - a wand of iceblast (5/15)
 s - a wand of polymorph (10/24)
 w - a wand of lightning (0/15)
 x - a wand of lightning (0/15)
 A - a wand of acid (9/15)
 B - a wand of paralysis (8/24)
 I - a wand of digging (6/24)
 J - a wand of hasting (0/9)
 K - a wand of acid (0/15)
 Q - a wand of lightning (5/15)
Scrolls
 m - 7 scrolls of remove curse
 q - a scroll of teleportation
 L - a scroll of random uselessness {unknown}
 P - 4 scrolls of fear
 Y - a scroll of magic mapping
Potions
 d - a potion of cancellation {unknown}
 e - a potion of ambrosia {unknown}
 g - 3 potions of agility
 o - 4 potions of brilliance
 r - 2 potions of flight
 u - 3 potions of berserk rage
 z - 5 potions of curing
 D - 2 potions of beneficial mutation {unknown}
 E - 2 potions of haste
 V - 4 potions of cure mutation
 W - a potion of might
Comestibles
 N - 2 slices of pizza
 T - 5 fruits
 X - 2 bread rations


   Skills:
 + Level 11.2 Fighting
   Level 10.4(11.4) Short Blades
 * Level 8.5(11.0) Long Blades
 + Level 10.3 Armour
 + Level 7.3 Dodging
 - Level 3.1 Stealth
 + Level 18.4 Shields
 * Level 2.3 Spellcasting
 + Level 0.6 Invocations
 + Level 0.5 Evocations


You had 14 spell levels left.
You knew the following spells:

 Your Spells              Type           Power        Failure   Level  Hunger
a - Song of Slaying       Chrm           #.......     100%        2    ###....
b - Infusion              Chrm           #...         100%        1    ##.....


Dungeon Overview and Level Annotations

Branches:
Dungeon (15/15)            Temple (1/1) D:6            Lair (0/6) D:9
    Orc (0/2) D:12         Vaults (0/5) D:14
 Depths: D:15

Altars:
Ashenzari
Cheibriados
Dithmenos
Elyvilon
Fedhas
Gozag
Hepliaklqana
Kikubaaqudgha
Makhleb
Nemelex Xobeh
Okawaru
Qazlal
Ru
Sif Muna
Trog
Uskayaw
Vehumet
Xom
Yredelemnul
Zin
The Shining One

Shops:
D:9 }[   D:10 =


Innate Abilities, Weirdness & Mutations

You reflexively headbutt those who attack you in melee.
You have a pair of horns on your head.


Message History

The slime creature is moderately wounded.
Two slime creatures merge to form a large slime creature.
You hit the large slime creature. You headbutt the large slime creature!!
The large slime creature is moderately wounded.
You hit the large slime creature. You headbutt the large slime creature!
The large slime creature is heavily wounded.
The large slime creature hits you!!
* * * LOW HITPOINT WARNING * * *
Your shield and plate armour prevent you from hitting the large slime creature.
Your headbutt misses the large slime creature.
The large slime creature is heavily wounded.
You block the large slime creature's attack.
You hit the large slime creature.
The large slime creature is heavily wounded.
The large slime creature completely misses you.
You furiously retaliate!
You headbutt the large slime creature. You slice the large slime creature!!
You headbutt the large slime creature.
The large slime creature is severely wounded.
The large slime creature hits you!
You die...

############
#(....)(.(.#######
#.########........
#.# ########. #.#
#....... #.#
##.####.. #@#
##...###..
#J#######.....##.#
#..............#.#
##..######.........
##...## ##.....#.#
#.....# ##.#..#.#
##...## #.#.....
##.)# #.#.##.# ##.#
#.#..#.#


You could see a large slime creature.

Vanquished Creatures
  A white draconian (IceCv)
  Nessos (D:13)
  A fire dragon (D:14)
  A vault guard (D:14)
  2 rakshasas (D:15)
  2 hydras
  A catoblepas (D:15)
  4 centaur warriors
  A death yak (IceCv)
  Sonja (D:14)
  An unseen horror (shapeshifter) (D:14)
  An unseen horror (D:15)
  A death drake (shapeshifter) (D:15)
  4 hill giants
  Pikel (D:8)
  An orc knight (D:11)
  3 ugly things
  2 deep elf magi
  A wolf spider (D:15)
  A cyclops (D:15)
  An ice statue (IceCv)
  4 gargoyles
  5 centaur skeletons
  A yaktaur (D:11)
  A rime drake (IceCv)
  17 polar bears (IceCv)
  A hornet (D:10)
  5 trolls
  A two-headed ogre (D:11)
  A raiju (shapeshifter) (D:14)
  A slime creature (D:15)
  5 hippogriffs
  A meliai zombie (D:10)
  3 vampires
  3 wraiths
  A spriggan (D:7)
  2 basilisks (D:9)
  12 fire elementals (D:11)
  19 yaks
  A tarantella (shapeshifter) (D:15)
  Grum (D:8)
  A mottled dragon (D:11)
  10 vampire mosquitoes
  4 hungry ghosts
  Menkaure (D:7)
  A water moccasin (D:10)
  8 orc warriors
  3 porcupines (D:9)
  A black bear (D:7)
  2 hornet zombies
  14 ice beasts
  A necrophage (D:10)
  2 slaves (D:8)
  An eye of draining (shapeshifter) (D:13)
  2 phantoms
  5 sky beasts
  9 ogres
  18 centaurs
  17 wolves
  6 crocodiles
  9 bullfrogs
  A wyvern zombie (D:15)
  8 scorpions
  The ghost of Wilfredo the Shield-Bearer, a weakling MiFi (D:3)
  A wyvern skeleton (D:14)
  5 killer bees (D:10)
  3 wights (D:14)
  A howler monkey (D:6)
  6 crimson imps
  3 bullfrog zombies
  4 centaur zombies
  A human zombie (Ossuary)
  7 hounds
  8 jellies
  Crazy Yiuf (D:2)
  5 bullfrog skeletons
  11 orc priests
  17 orc wizards
  Jessica (D:2)
  Terence (D:2)
  10 iguanas
  12 worker ants
  A killer bee zombie (D:6)
  3 big kobold zombies (Ossuary)
  A hound skeleton (D:11)
  3 mummies (Ossuary)
  15 gnolls
  10 adders
  5 river rats (D:9)
  5 scorpion zombies (Ossuary)
  4 shadow imps
  An ooze (D:2)
  An adder skeleton (D:7)
  5 worms
  4 dart slugs
  2 leopard geckos
  62 orcs
  2 ball pythons
  16 bats
  A bat zombie (D:2)
  7 giant cockroaches
  5 goblins (D:2)
  4 hobgoblins
  6 jackals
  7 quokkas
  5 frilled lizards
  A gnoll zombie (Ossuary)
  2 goblin zombies (Ossuary)
  A hobgoblin zombie (Ossuary)
  A jackal skeleton (D:5)
  9 kobolds
  A kobold zombie (Ossuary)
  A leopard gecko zombie (D:5)
  2 orc zombies (Ossuary)
  A quokka skeleton (D:4)
  A quokka zombie (D:6)
  4 rats
  4 rat zombies (D:2)
  A bush (D:2)
  A fungus (D:2)
544 creatures vanquished.

Vanquished Creatures (others)
  A cyclops (D:14)
  A polar bear (IceCv)
  A yak (IceCv)
  4 wolves (IceCv)
  An ogre (D:15)
8 creatures vanquished.

Grand Total: 552 creatures vanquished

Notes
Turn   | Place    | Note
-------+----------+-------------------------------------------
     0 | D:1      | greprep the Minotaur Fighter began the quest for the Orb.
     0 | D:1      | Reached XP level 1. HP: 19/19 MP: 0/0
   206 | D:1      | Reached XP level 2. HP: 27/27 MP: 1/1
   263 | D:1      | Reached skill level 4 in Shields
   463 | D:2      | Reached XP level 3. HP: 33/33 MP: 2/2
   563 | D:2      | Noticed Jessica
   567 | D:2      | Killed Jessica
   567 | D:2      | Reached skill level 1 in Short Blades
   590 | D:2      | Reached XP level 4. HP: 40/40 MP: 3/3
   626 | D:2      | Found an ancient bone altar of Kikubaaqudgha.
   657 | D:2      | Noticed Terence
   665 | D:2      | Killed Terence
   822 | D:2      | Reached skill level 1 in Dodging
   822 | D:2      | Reached XP level 5. HP: 41/46 MP: 4/4
   934 | D:2      | Found a runed door.
  1026 | D:2      | Noticed Crazy Yiuf
  1032 | D:2      | Killed Crazy Yiuf
  1293 | D:3      | Noticed Wilfredo's ghost (weakling MiFi)
  1312 | D:3      | HP: 1/46 [Wilfredo's ghost (11)]
  1749 | D:3      | Killed Wilfredo's ghost
  1749 | D:3      | Reached skill level 5 in Shields
  1766 | D:3      | Reached XP level 6. HP: 33/53 MP: 5/5
  2716 | D:3      | Reached skill level 5 in Armour
  3278 | D:4      | Reached skill level 5 in Fighting
  3278 | D:4      | Reached skill level 1 in Stealth
  3278 | D:4      | Reached XP level 7. HP: 61/61 MP: 6/6
  3378 | D:4      | Found a radiant altar of Vehumet.
  3389 | D:4      | Reached skill level 5 in Short Blades
  3726 | D:5      | Entered Level 5 of the Dungeon
  3916 | D:5      | Found a glowing silver altar of Zin.
  4172 | D:5      | Reached XP level 8. HP: 59/70 MP: 7/7
  4179 | D:5      | Reached skill level 6 in Shields
  4195 | D:5      | Got a steaming dagger
  4225 | D:5      | Found a faded altar of an unknown god.
  4225 | D:5      | Found a faded altar of an unknown god.
  4234 | D:5      | Identified the +6 dagger "Xeneal" {pain, rPois rN+ Dex+2} (You found it on level 5 of the Dungeon)
  4246 | D:5      | Found a faded altar of an unknown god.
  4252 | D:5      | Found a glowing golden altar of the Shining One.
  4253 | D:5      | Found a faded altar of an unknown god.
  4261 | D:5      | Became a worshipper of the Shining One
  4498 | D:6      | Found a staircase to the Ecumenical Temple.
  4871 | D:6      | Reached skill level 7 in Shields
  4909 | D:6      | Noticed a hippogriff
  4931 | D:6      | Killed a hippogriff
  4931 | D:6      | Reached XP level 9. HP: 51/79 MP: 8/8
  5129 | Temple   | Entered the Ecumenical Temple
  5533 | D:7      | Reached * piety under the Shining One
  5822 | D:7      | Noticed Menkaure
  5831 | D:7      | Killed Menkaure
  5843 | D:7      | Reached skill level 8 in Shields
  5850 | D:7      | Found an opulent altar of Gozag.
  6102 | D:7      | Found a blossoming altar of Fedhas.
  6102 | D:7      | Found an opulent altar of Gozag.
  6103 | D:7      | Found a stormy altar of Qazlal.
  6103 | D:7      | Found a shattered altar of Ashenzari.
  6536 | D:8      | Noticed Pikel
  6590 | D:8      | Killed Pikel
  6590 | D:8      | Reached XP level 10. HP: 88/88 MP: 9/9
  6905 | D:8      | Found a sand-covered staircase.
  6911 | Ossuary  | Entered an ossuary
  7064 | Ossuary  | Reached ** piety under the Shining One
  7236 | Ossuary  | Reached *** piety under the Shining One
  7437 | D:8      | Noticed Grum
  7472 | D:8      | Reached skill level 9 in Shields
  7486 | D:8      | Killed Grum
  8061 | D:8      | Reached skill level 10 in Short Blades
  8359 | D:9      | Found a staircase to the Lair.
  9332 | D:9      | Reached **** piety under the Shining One
  9711 | D:9      | Reached skill level 5 in Dodging
  9711 | D:9      | Reached skill level 10 in Shields
  9813 | D:9      | Found a sacrificial altar of Ru.
  9936 | D:9      | Found Manug's Quality Used Wands.
 10051 | D:9      | Found Lamuif's Armour Shoppe.
 10249 | D:10     | Entered Level 10 of the Dungeon
 10296 | D:10     | Reached XP level 11. HP: 92/97 MP: 10/10
 10467 | D:10     | Reached skill level 11 in Shields
 10571 | D:10     | Found Qusoirhe's Jewellery Emporium.
 10747 | D:10     | Reached ***** piety under the Shining One
 11601 | D:11     | Noticed a brown ugly thing
 11611 | D:11     | Killed a brown ugly thing
 11611 | D:11     | Reached skill level 12 in Shields
 12135 | D:11     | Reached skill level 13 in Shields
 12562 | D:11     | Got an encrusted falchion
 12603 | D:11     | Noticed an orc knight
 12627 | D:11     | Killed an orc knight
 12650 | D:11     | Reached XP level 12. HP: 55/106 MP: 11/11
 13030 | D:11     | Reached skill level 10 in Fighting
 13187 | D:11     | Reached skill level 14 in Shields
 13335 | D:12     | Found a staircase to the Orcish Mines.
 13343 | D:12     | You fall through a shaft!
 13423 | D:13     | Noticed Nessos
 13461 | D:13     | Killed Nessos
 13700 | D:13     | Noticed a centaur warrior
 13717 | D:13     | Killed a centaur warrior
 13817 | D:13     | Reached skill level 15 in Shields
 14388 | D:14     | Noticed Sonja
 14427 | D:14     | Noticed a centaur warrior
 14444 | D:14     | Killed Sonja
 14444 | D:14     | Reached skill level 16 in Shields
 14447 | D:14     | Killed a centaur warrior
 14463 | D:14     | Noticed an eight-headed hydra
 14463 | D:14     | Reached ****** piety under the Shining One
 14511 | D:14     | Killed a 12-headed hydra
 14566 | D:14     | Found a frozen archway.
 14613 | IceCv    | Entered an ice cave
 14627 | IceCv    | Reached skill level 10 in Armour
 15035 | IceCv    | Reached XP level 13. HP: 95/114 MP: 12/12
 15144 | IceCv    | Reached skill level 17 in Shields
 15728 | IceCv    | Noticed a white draconian
 15760 | IceCv    | Killed a white draconian
 16295 | D:14     | Learned a level 2 spell: Song of Slaying
 16301 | D:14     | Learned a level 1 spell: Infusion
 16400 | D:14     | Reached skill level 18 in Shields
 16405 | D:14     | Noticed a fire dragon
 16415 | D:14     | Killed a fire dragon
 16757 | D:14     | Found a gate to the Vaults.
 16868 | D:14     | Reached skill level 5 in Long Blades
 17071 | D:15     | Entered Level 15 of the Dungeon
 17085 | D:15     | Reached skill level 1 in Spellcasting
 18435 | D:15     | Reached XP level 14. HP: 69/124 MP: 13/16
 19983 | D:15     | HP: 6/124 [large slime creature (33)]
 19986 | D:15     | Mangled by a large slime creature

Skill      XL: |  1  2  3  4  5  6  7  8  9 10 11 12 13 |
---------------+----------------------------------------+-----
Armour         | 4 5 6 7 8 9 10 | 10.3
Shields        | 4 5 7 8 10 13 16 18 | 18.4
Fighting       | 4 5 7 8 9 10 11 | 11.2
Short Blades   | 1 2 3 4 6 8 9 10 | 10.4
Dodging        | 1 2 4 5 6 7 |  7.3
Stealth        | 1 2 3 |  3.1
Long Blades    | 8 |  8.5
Spellcasting   | 2 |  2.3
Invocations    | |  0.6
Evocations     | |  0.5

Action                   |  1- 3 |  4- 6 |  7- 9 | 10-12 | 13-15 || total
-------------------------+-------+-------+-------+-------+-------++-------
Melee: Long sword        |    14 |       |    25 |   602 |   813 ||  1454
       Headbutt          |     9 |    62 |    99 |   334 |   247 ||   751
       Short sword       |    36 |   267 |    95 |       |       ||   398
       Dagger            |       |       |   275 |   641 |       ||   916
Invok: Divine Shield     |       |       |       |     3 |     2 ||     5
Evoke: Wand              |       |       |       |     4 |    11 ||    15
  Use: Scroll            |       |       |    15 |    18 |     8 ||    41
       Potion            |       |       |     1 |    20 |     4 ||    25
  Eat: Bread ration      |       |     2 |     1 |     2 |     4 ||     9
       Pizza             |       |       |     1 |     2 |     1 ||     4
       Meat ration       |       |       |     1 |     2 |       ||     3
       Royal jelly       |       |       |     1 |       |       ||     1
       Beef jerky        |       |       |       |     3 |     1 ||     4
       Fruit             |       |       |       |     2 |     4 ||     6
Armor: Scale mail        |    15 |    50 |   132 |   266 |   116 ||   579
       Plate armour      |       |       |       |       |    98 ||    98
Dodge: Dodged            |    20 |    44 |    91 |   280 |   260 ||   695
Block: Shield            |    15 |    75 |   145 |    69 |       ||   304
       Large shield      |       |       |       |   948 |   991 ||  1939
       Reflection        |       |       |       |       |    35 ||    35
       Rpst.: Long sword |     1 |       |       |    36 |    48 ||    85
